 Dungeon Crawl Stone Soup version 0.24.0-29-g8ce449bc06 (webtiles) character file.

Game seed: 6897622207649840623, levelgen mode: deterministic

204 Froggeryz the Cudgeler (level 5, -2/45 HPs)
             Began as a Gargoyle Gladiator on Nov 16, 2019.
             Killed from afar by an orc wizard (4 damage)
             ... with a magic dart
             ... on level 4 of the Dungeon.
             The game lasted 00:03:18 (2471 turns).

Froggeryz the Cudgeler (Gargoyle Gladiator)         Turns: 2471, Time: 00:03:20

Health: -2/45      AC: 22    Str: 18    XL:     5   Next: 82%
Magic:  5/5        EV:  2    Int:  9    God:
Gold:   243        SH:  0    Dex: 11    Spells: 4/4 levels left

rFire    + . .     SeeInvis .   a - +0 flail
rCold    . . .     Gourm    .   (no shield)
rNeg     + + +     Faith    .   (armour currently unavailable)
rPois    ∞         Spirit   .   (helmet currently unavailable)
rElec    .         Reflect  .   (cloak currently unavailable)
rCorr    .         Harm     .   (gloves currently unavailable)
MR       .....     NoTele   +   (boots currently unavailable)
Stlth    +.........             (no amulet)
HPRegen  0.15/turn              m - ring of protection from fire
MPRegen  0.09/turn              (no ring)

@: tree-form
A: negative energy resistance 1, petrification resistance, rot immunity, AC +4
a: no special abilities


You were on level 4 of the Dungeon.
You were not hungry.
You were a tree.
You visited 1 branch of the dungeon, and saw 4 of its levels.

You collected 243 gold pieces.

Inventory:

Hand Weapons
 a - a +0 flail (weapon)
Missiles
 d - 3 throwing nets
 l - 2 boomerangs (quivered)
 q - 5 curare-tipped darts
Armour
 b - a +0 leather armour (melded)
 c - a +0 helmet (melded)
Jewellery
 m - a ring of protection from fire (left branch)
Scrolls
 i - a scroll of identify {unknown}
 j - a scroll of blinking {unknown}
 k - a scroll of teleportation {unknown}
 n - a scroll of magic mapping {unknown}
 o - a scroll of fear {unknown}
 s - a scroll of noise {unknown}
Potions
 g - 2 potions of brilliance
Comestibles
 f - 8 rations


   Skills:
 - Level 2.1 Fighting
 * Level 6.3 Maces & Flails
 - Level 1.7 Throwing
 - Level 2.4 Dodging


You had 4 spell levels left.
You didn't know any spells.
Your spell library was empty.

Dungeon Overview and Level Annotations

Branches:
Dungeon (4/15)
 Temple: D:4-7

Altars:

Annotations:
D:3 2 transporters, martbhell's ghost, amateur MiFi


Innate Abilities, Weirdness & Mutations

You are resistant to torment.
((Your stone body is resilient. (AC +4)))
You are immune to poison.
You resist negative energy. (rN+)
((You are resistant to electric shocks. (rElec)))
((You can survive without breathing.))
You are immune to petrification.
You are immune to rotting.


Message History

The jackal bites you but does no damage. x2
The orc hits you but does no damage.
You barely miss the orc priest.
The orc priest is almost dead.
The jackal barely misses you.
The orc wizard looks satisfied for a moment.
The orc priest completely misses you.
The jackal bites you but does no damage.
The worker ant bites you but does no damage.
The orc hits you but does no damage. The jackal barely misses you.
The orc wizard hits you but does no damage.
You hit the orc priest.
You kill the orc priest!
The jackal bites you but does no damage.
The worker ant bites you but does no damage.
The jackal bites you but does no damage. x2
The orc barely misses you. The orc wizard casts a spell at you.
The magic dart hits you.
You die...

).<............# ...
...............+ ....
...............###+#....
........................
........................
..................?.....
..#############.....###+
..# #.|a..# ..# #h♣hh.#
..+


#hooo.# ..# #.o...# ### +.....# #.....# ##..... +...... #....... You could see a
worker ant, an orc priest, an orc wizard, 2 orcs and 4 jackals.

Vanquished Creatures
  An orc priest (D:4)
  An orc wizard (D:3)
  A centaur skeleton (D:3)
  2 adders
  2 worms (D:3)
  5 dart slugs
  4 leopard geckos
  4 orcs (D:3)
  5 bats
  5 giant cockroaches
  4 goblins (D:2)
  8 hobgoblins
  4 jackals (D:3)
  3 quokkas
  3 ball pythons
  6 frilled lizards
  11 kobolds
  12 rats
81 creatures vanquished.

Notes
Turn   | Place    | Note
-------+----------+-------------------------------------------
     0 | D:1      | Froggeryz the Gargoyle Gladiator began the quest for the
                  | Orb.
     0 | D:1      | Reached XP level 1. HP: 12/12 MP: 1/1
   307 | D:1      | Reached XP level 2. HP: 16/17 MP: 2/2
   445 | D:1      | Reached skill level 4 in Maces & Flails
   508 | D:1      | Reached XP level 3. HP: 14/21 MP: 3/3
   911 | D:2      | Reached XP level 4. HP: 23/26 MP: 4/4
  1091 | D:2      | Reached skill level 5 in Maces & Flails
  1675 | D:3      | Found a transporter.
  1713 | D:3      | Reached XP level 5. HP: 18/30 MP: 5/5
  1834 | D:3      | Found a transporter.
  1838 | D:3      | Noticed martbhell's ghost (amateur MiFi)
  1926 | D:3      | Reached skill level 6 in Maces & Flails
  2469 | D:4      | HP: 2/45 [orc priest/divine providence (16)]
  2471 | D:4      | Killed from afar by an orc wizard

Levels and vault maps discovered:
D:1:      mrwooster_arrival_statue_3, layout_basic
D:2:      layout_rooms
D:3:      layout_loops_corners, gammafunk_ghost_stat_death
D:4:      layout_gridville, first_ration

Skill      XL: |  1  2  3  4  5 |
---------------+----------------+-----
Maces & Flails | 4 5 6 |  6.3
Fighting       | |  2.1
Throwing       | |  1.7
Dodging        | |  2.4

Action                   |  1- 3 |  4- 6 || total
-------------------------+-------+-------++-------
Melee: Flail             |   145 |   125 ||   270
Throw: Boomerang         |     2 |       ||     2
  Use: Potion            |     2 |     8 ||    10
 Stab: Invisible         |       |     1 ||     1
       Sleeping          |       |     1 ||     1
  Eat: Chunk             |       |     5 ||     5
Armor: Leather armour    |    64 |    43 ||   107
       Skin              |       |    96 ||    96
Dodge: Dodged            |   138 |    90 ||   228
